 Dungeon Crawl Stone Soup version 0.21.1-1-g345015f (webtiles) character file.

275 suicidejoker the Grave Robber (level 6, -1/51 HPs)
             Began as a Deep Dwarf Necromancer on Mar 25, 2018.
             Was a Believer of Cheibriados.
             Slain by Pikel
             ... wielding a +1 whip of electrocution
              (18 damage)
             ... on level 4 of the Dungeon.
             The game lasted 00:10:32 (3241 turns).

suicidejoker the Grave Robber (DDNe)                Turns: 3241, Time: 00:10:32

Health: -1/51      AC:  7    Str: 19    XL:     6   Next: 3%
Magic:  3/9        EV: 12    Int: 22    God:    Cheibriados [**....]
Gold:   186        SH:  0    Dex: 19    Spells: 3/11 levels left

rFire    . . .     SeeInvis .   w - +4 dagger
rCold    . . .     Gourm    .   (no shield)
rNeg     . . .     Faith    .   g - +0 ring mail
rPois    .         Spirit   .   q - +0 helmet
rElec    .         Reflect  .   (no cloak)
rCorr    .         Harm     .   (no gloves)
MR       .....                  t - +0 pair of boots
Stlth    ++........             (no amulet)
HPRegen  0.00/turn              a - ring of flight
MPRegen  0.11/turn              (no ring)

@: non-regenerating, very slow
A: damage resistance, heal wounds, sense surroundings 1, no regeneration
a: Heal Wounds, Bend Time, Renounce Religion, Evoke Flight


You were on level 4 of the Dungeon.
You worshipped Cheibriados.
Cheibriados was pleased with you.
You were not hungry.

You visited 1 branch of the dungeon, and saw 4 of its levels.

You collected 186 gold pieces.

Inventory:

Hand Weapons
 f - a +0 dagger
 l - a +3 hunting sling
 w - a +4 dagger (weapon)
Missiles
 m - 107 stones (quivered)
 p - 37 sling bullets
 x - 3 tomahawks
Armour
 g - a +0 ring mail (worn)
 q - a +0 helmet (worn)
 t - a +0 pair of boots (worn)
Jewellery
 a - a ring of flight (left hand)
Scrolls
 e - 5 scrolls of identify {unknown}
 h - a scroll of immolation {unknown}
 k - 2 scrolls of teleportation {unknown}
 n - 4 scrolls of amnesia {unknown}
 v - a scroll of magic mapping {unknown}
Potions
 d - 2 potions of curing {unknown}
 i - a potion of lignification {unknown}
 j - a potion of flight {unknown}
 o - a potion of magic {unknown}
 r - a potion of might {unknown}
 s - a potion of heal wounds {unknown}
Books
 b - a book of Necromancy

   Spells                             Type                      Level
   a - Pain                           Necromancy                   1
   b - Animate Skeleton               Necromancy                   1
   c - Vampiric Draining              Necromancy                   3
   d - Regeneration                   Charms/Necromancy            3
   e - Animate Dead                   Necromancy                   4
   f - Borgnjor's Vile Clutch         Necromancy/Earth             5
Comestibles
 c - 3 rations
 u - a chunk of flesh


   Skills:
 + Level 1.6 Fighting
 * Level 2.5 Slings
 * Level 2.5 Armour
 - Level 2.1 Dodging
 - Level 2.4 Stealth
 * Level 3.1 Spellcasting
 + Level 5.0 Necromancy
 + Level 2.2 Invocations


You had 3 spell levels left.
You knew the following spells:

 Your Spells              Type           Power        Failure   Level  Hunger
a - Pain                  Necr           ####         2%          1    None
b - Vampiric Draining     Necr           ####......   8%          3    ###....
c - Animate Dead          Necr           N/A          26%         4    ####...


Dungeon Overview and Level Annotations

Branches:
Dungeon (4/15)
 Temple: D:4-7

Altars:
Cheibriados
Gozag
Makhleb
Qazlal
Sif Muna
Wu Jian

Annotations:
D:4 Pikel


Innate Abilities, Weirdness & Mutations

You are resistant to damage.
You can heal yourself by infusing magical energy.
You passively map a small area around you.
You do not regenerate.


Message History

Confirm with . or Enter, or press ? or * to list all spells.
Aiming: Vampiric Draining
Press: ? - help, Shift-Dir - straight line, f/p - Pikel
Aim: Pikel, wielding a whip of electrocution and wearing a robe Pikel is lightly wounded.
You feel life coursing into your body.
Pikel hits you with a whip of electrocution.
You are electrocuted!
* * * LOW HITPOINT WARNING * * *
Your orc zombie misses Pikel.
Casting: Vampiric Draining
Confirm with . or Enter, or press ? or * to list all spells.
Aiming: Vampiric Draining
Press: ? - help, Shift-Dir - straight line, f/p - Pikel
Aim: Pikel, wielding a whip of electrocution and wearing a robe (lightly wounded) Pikel is moderately wounded.
You feel life coursing into your body.
Pikel hits you with a whip of electrocution.
You are electrocuted!
You die...

.., .# ,,
#.#..# #*,
#..#.#.# , ,
* #,#....#.
* , #.#..#..
,, , ,
.....# *
###.##.#.# *
......pKZ#,
* ,
##..##.#@# *
, pp.#.# * *
.(##!#.# ,
#.p #.#.# *,
#.. #.#.#.#
, #
.*,#.#.#.# ,
., . #.#.#.#
, * ..
#.#.#.#.# ,
* ,
,#.#.#.#.#.#


You could see Pikel, a slave and a friendly orc zombie.

Vanquished Creatures
  A hound (D:3)
  An orc priest (D:4)
  An orc wizard (D:4)
  Robin (D:2)
  4 gnolls (D:3)
  5 adders
  3 worms
  5 dart slugs
  3 orcs
  15 hobgoblins
  5 jackals (D:2)
  5 kobolds
  2 ball pythons
  3 bats
  2 frilled lizards
  11 goblins
  9 rats
76 creatures vanquished.

Notes
Turn   | Place    | Note
-------+----------+-------------------------------------------
     0 | D:1      | suicidejoker the Deep Dwarf Necromancer began the quest for the Orb.
     0 | D:1      | Reached XP level 1. HP: 15/15 MP: 3/3
   201 | D:1      | Found a snail-covered altar of Cheibriados.
   224 | D:1      | Became a worshipper of Cheibriados the Contemplative
   238 | D:1      | Reached XP level 2. HP: 14/24 MP: 0/5
  1355 | D:2      | Noticed Robin
  1365 | D:1      | Reached XP level 3. HP: 9/30 MP: 6/6
  1460 | D:2      | Reached * piety under Cheibriados
  1460 | D:2      | Reached skill level 1 in Fighting
  1475 | D:2      | Killed Robin
  1481 | D:2      | Reached skill level 1 in Armour
  1486 | D:2      | Reached skill level 1 in Slings
  1670 | D:2      | Reached skill level 1 in Invocations
  1670 | D:2      | Reached XP level 4. HP: 15/38 MP: 2/7
  1707 | D:2      | Reached ** piety under Cheibriados
  2272 | D:3      | Learned a level 3 spell: Vampiric Draining
  2451 | D:3      | Reached XP level 5. HP: 19/44 MP: 1/8
  2591 | D:3      | Found a burning altar of Makhleb.
  2593 | D:3      | Noticed a cacodemon
  2597 | D:3      | Noticed a smoke demon
  2597 | D:3      | Noticed a hellwing
  2754 | D:3      | Found an ornate altar of the Wu Jian Council.
  2754 | D:3      | Found a stormy altar of Qazlal.
  2834 | D:3      | Found a deep blue altar of Sif Muna.
  2948 | D:4      | Reached skill level 5 in Necromancy
  2948 | D:4      | Reached XP level 6. HP: 14/51 MP: 0/9
  2954 | D:4      | Learned a level 4 spell: Animate Dead
  3129 | D:4      | Found an opulent altar of Gozag.
  3221 | D:4      | Noticed a slave
  3235 | D:4      | Noticed Pikel
  3235 | D:4      | Noticed a slave
  3236 | D:4      | Noticed a slave
  3237 | D:4      | Noticed a slave
  3241 | D:4      | Slain by Pikel

Skill      XL: |  1  2  3  4  5 |
---------------+----------------+-----
Spellcasting   | 2 3 |  3.1
Fighting       | 1 |  1.6
Armour         | 1 2 |  2.5
Slings         | 1 2 |  2.5
Invocations    | 1 2 |  2.2
Necromancy     | 5 |  5.0
Dodging        | |  2.1
Stealth        | |  2.4

Action                   |  1- 3 |  4- 6 || total
-------------------------+-------+-------++-------
Melee: Unarmed           |    14 |       ||    14
       Dagger            |    12 |     3 ||    15
 Fire: Hunting sling     |    61 |    74 ||   135
Throw: Stone             |       |     3 ||     3
 Cast: Pain              |    40 |     4 ||    44
       Vampiric Draining |       |    14 ||    14
       Animate Dead      |       |     1 ||     1
Invok: Bend Time         |     1 |     1 ||     2
 Abil: Heal Wounds       |     1 |     1 ||     2
 Stab: Sleeping          |     1 |     1 ||     2
  Eat: Chunk             |     3 |     4 ||     7
Armor: Robe              |     1 |       ||     1
       Ring mail         |    26 |    21 ||    47
Dodge: Dodged            |    70 |    35 ||   105
